 Dungeon Crawl Stone Soup version 0.29.0-4-gdea44cf6ec (webtiles) character file.

Game seed: 13790907801628080508

421 qw the Chopper (level 6, -3/38 HPs)
             Began as a Gargoyle Fighter on Sept 7, 2022.
             Slain by a gnoll
             ... wielding a +0 flail
              (5 damage)
             ... on level 3 of the Dungeon.
             The game lasted 00:01:31 (2700 turns).

qw the Chopper (Gargoyle Fighter)                   Turns: 2700, Time: 00:01:32

Health: -3/38      AC: 16    Str: 22    XL:     6   Next: 94%
Magic:  6/6        EV:  7    Int:  8    God:
Gold:   79         SH:  4    Dex:  9    Spells: 5/5 levels left

rFire   . . .      SeeInvis .   Y - +0 war axe
rCold   . . .      Faith    .   c - +0 buckler
rNeg    + . .      Spirit   .   n - +0 chain mail
rPois   inf        Reflect  .   f - +0 helmet
rElec   +          Harm     .   (no cloak)
rCorr   .          Rampage  .   j - +1 pair of gloves
Will    .....                   (no boots)
Stlth   ..........              (no amulet)
HPRegen 0.12/turn               (no ring)
MPRegen 0.10/turn               (no ring)

@: no status effects
A: sickness immunity, AC +4, negative energy resistance 1, electricity
resistance, torment resistance 1, petrification resistance
a: no special abilities


You were on level 3 of the Dungeon.
You visited 1 branch of the dungeon, and saw 3 of its levels.

You collected 79 gold pieces.


Innate Abilities, Weirdness & Mutations

You are immune to sickness and miasma.
Your stone body is resilient. (AC +4)
You are immune to poison.
You resist negative energy. (rN+)
You are resistant to electric shocks. (rElec)
You are resistant to unholy torment.
You are immune to petrification.


   Skills:
 - Level 4.0 Fighting
 + Level 6.1 Axes
 - Level 3.2 Armour
 - Level 1.1 Dodging
 - Level 3.2 Shields


You had 5 spell levels left.
You didn't know any spells.
Your spell library was empty.

Inventory:

Hand Weapons
 b - a +0 mace of venom
 Y - a +0 war axe (weapon)
Armour
 c - a +0 buckler (worn)
 f - a +0 helmet (worn)
 j - a +1 pair of gloves (worn)
 n - a +0 chain mail (worn)
Jewellery
 e - a ring of protection from cold
Scrolls
 a - 2 scrolls of identify
 k - a scroll of teleportation {unknown}
 l - a scroll of fog
 m - a scroll of amnesia {unknown}
Potions
 d - a potion of might
 g - a potion of curing
 h - a potion of berserk rage {unknown}
 i - a potion of flight {unknown}
 o - a potion of heal wounds {unknown}
 p - 2 potions of lignification {unknown}
 q - a potion of attraction {unknown}
 r - a potion of mutation {unknown}

Dungeon Overview and Level Annotations

Branches:
Dungeon (3/15)

Altars:

Annotations:
D:3 Ijyb


Message History

The gnoll hits you with a +0 flail! The gnoll closely misses you.
You barely miss the gnoll.
The gnoll is moderately wounded.
The gnoll hits you with a +0 flail.
You hit the gnoll but do no damage.
The gnoll is moderately wounded.
The gnoll closely misses you.
A gnoll comes into view. It is wielding a +0 flail.
The gnoll shouts!
You hit the gnoll.
The gnoll is moderately wounded.
You hear a shout!
The gnoll hits you but does no damage.
You hear a shout! x2
You slash the gnoll!
You kill the gnoll!
The gnoll closely misses you. The gnoll hits you but does no damage.
The orc hits you but does no damage.
You closely miss the orc. You block the gnoll's attack.
The orc closely misses you.
You slash the orc!
You kill the orc!
You block the gnoll's attack. You block the gnoll's attack.
Things that are here:
a +0 flail; a +0 flail; a gnoll corpse You barely miss the gnoll.
The gnoll hits you from afar with a +0 halberd!
The gnoll hits you with a +0 flail!
You slash the gnoll!
The gnoll is heavily wounded.
You block the gnoll's attack.
The gnoll hits you but does no damage. x2
The gnoll hits you from afar with a +0 halberd.
You hit the gnoll but do no damage.
The gnoll is heavily wounded.
The gnoll barely misses you. You block the gnoll's attack.
You barely miss the gnoll.
The gnoll is heavily wounded.
The gnoll barely misses you. The gnoll hits you with a +0 flail.
You die...

#.......#...........)............
######################..#########
.............).....)..)).........
..~~~~~~~~~~~~~~~~~~~....~~~~~~~~
.%~~~~~~~~~~~~~~~~~~~.)..~~~~~~~~
..~~#####~~~~~~~~~~~~....~~~~~~~~
..~~#.g.#.............)).........
..~~#...#############''))########
.P~~###'#......g@.g.#....#.....
..~~~.#.')........).'....'.....
..~~~.#.#..)........#....#.....
..~~~.# #######################
..~~~.# ..~~~.# ..~~~.# ..~~~.#
..~~~.#


You could see 2 gnolls.

Vanquished Creatures
  An ice beast (D:3)
  A howler monkey (D:3)
  2 hounds (D:3)
  Jessica (D:2)
  An orc wizard (D:3)
  An adder (D:3)
  8 gnolls (D:3)
  A worm (D:2)
  2 dart slugs
  10 orcs (D:3)
  4 endoplasms
  5 giant cockroaches
  A goblin (D:2)
  5 hobgoblins
  15 jackals
  3 kobolds
  6 ball pythons
  3 bats
  3 frilled lizards
  8 rats
81 creatures vanquished.

Vanquished Creatures (others)
  A fungus (D:3)
  2 plants (D:3)
3 creatures vanquished.

Grand Total: 84 creatures vanquished

Notes
Turn   | Place    | Note
-------+----------+-------------------------------------------
     0 | D:1      | qw the Gargoyle Fighter began the quest for the Orb.
     0 | D:1      | Reached XP level 1. HP: 14/14 MP: 1/1
     0 | D:1      | 0 ||| qw: Version: 0.1-a-108-g9e35731
     0 | D:1      | 0 ||| qw: Game counter: 6456
     0 | D:1      | 0 ||| qw: Always use a shield: true
     0 | D:1      | 0 ||| qw: God list: Okawaru
     0 | D:1      | 0 ||| qw: Allow faded altars: false
     0 | D:1      | 0 ||| qw: Do Orc after D:15 true
     0 | D:1      | 0 ||| qw: Do second Lair branch before Depths: true
     0 | D:1      | 0 ||| qw: Lair rune preference: random
     0 | D:1      | 0 ||| qw: Plans: Normal, Zot, God:TSO, Crypt, Tomb, Zig,
                  | Orb
     0 | D:1      | 0 ||| PLANNING D:1-11
    61 | D:1      | Reached skill level 2 in Axes
   179 | D:1      | Reached XP level 2. HP: 19/19 MP: 2/2
   324 | D:1      | 324 ||| Stepping ~*~*~tactically~*~*~ (stealth).
   607 | D:1      | 607 ||| UPGRADING to +0 helmet.
   612 | D:1      | 612 ||| UPGRADING to +1 pair of gloves.
   617 | D:1      | 617 ||| READING 2 scrolls labelled GYXULO GOVONER.
   618 | D:1      | 618 ||| DRINKING 2 cyan potions.
   625 | D:2      | 625 ||| Stepping ~*~*~tactically~*~*~ (stealth).
   633 | D:2      | Reached skill level 3 in Axes
   635 | D:2      | Reached XP level 3. HP: 21/23 MP: 3/3
   639 | D:2      | Noticed Jessica
   657 | D:2      | HP: 3/23 [Jessica/nerve-wracking pain (6)]
   659 | D:2      | Killed Jessica
  1109 | D:2      | Reached XP level 4. HP: 28/28 MP: 4/4
  1121 | D:2      | 1121 ||| DROPPING +0 club.
  1566 | D:2      | 1566 ||| UPGRADING to +0 chain mail.
  1576 | D:2      | 1576 ||| DROPPING +0 scale mail.
  1577 | D:2      | 1577 ||| DROPPING +1 ring mail of willpower.
  1578 | D:2      | 1578 ||| READING scroll labelled SEKUFACISE.
  1579 | D:2      | 1579 ||| READING 2 scrolls labelled OHAYXEJOSHOK.
  1580 | D:2      | 1580 ||| READING scroll labelled REPLIPR AXKY FEDGH.
  1581 | D:2      | 1581 ||| DRINKING 2 green potions.
  1582 | D:2      | 1582 ||| DROPPING potion of degeneration.
  1623 | D:3      | 1623 ||| DROPPING +0 whip.
  1648 | D:3      | Reached skill level 4 in Axes
  1717 | D:3      | Noticed an ice beast
  1728 | D:3      | Killed an ice beast
  1729 | D:3      | Reached skill level 5 in Axes
  1729 | D:3      | Reached XP level 5. HP: 14/32 MP: 5/5
  1972 | D:3      | 1972 ||| Stepping ~*~*~tactically~*~*~ (stealth).
  1975 | D:3      | 1975 ||| Stepping ~*~*~tactically~*~*~ (stealth).
  2263 | D:3      | Reached XP level 6. HP: 34/38 MP: 6/6
  2310 | D:3      | 2310 ||| Stepping ~*~*~tactically~*~*~ (stealth).
  2313 | D:3      | 2313 ||| Stepping ~*~*~tactically~*~*~ (stealth).
  2322 | D:3      | 2322 ||| FLEEEEING.
  2323 | D:3      | 2323 ||| FLEEEEING.
  2324 | D:3      | 2324 ||| FLEEEEING.
  2325 | D:3      | 2325 ||| FLEEEEING.
  2326 | D:3      | 2326 ||| FLEEEEING.
  2528 | D:3      | Reached skill level 6 in Axes
  2618 | D:3      | Noticed Ijyb
  2679 | D:3      | Reached skill level 1 in Dodging
  2680 | D:3      | 2680 ||| FLEEEEING.
  2681 | D:3      | 2681 ||| FLEEEEING.
  2682 | D:3      | 2682 ||| FLEEEEING.
  2683 | D:3      | 2683 ||| FLEEEEING.
  2684 | D:3      | 2684 ||| FLEEEEING.
  2685 | D:3      | 2685 ||| FLEEEEING.
  2686 | D:3      | 2686 ||| FLEEEEING.
  2687 | D:3      | 2687 ||| FLEEEEING.
  2697 | D:3      | HP: 2/38 [gnoll/+0 flail (9)]
  2700 | D:3      | Slain by a gnoll

Levels and vault maps discovered:
D:1:      lightli_arrival_boilingwater, layout_rooms, serial_corexii_hall,
          chequers_hall_statues_y, chequers_hall_statues_y
D:2:      layout_loops_ring, uniq_jessica
D:3:      lemuel_castle_with_subvaults [lemuel_castle_interior_carwin_1],
          layout_basic, uniq_ijyb

Skill      XL: |  1  2  3  4  5  6 |
---------------+-------------------+-----
Axes           | 2 3 5 6 |  6.1
Fighting       | 4 |  4.0
Dodging        | 1 |  1.1
Armour         | |  3.2
Shields        | |  3.2

Action                   |  1- 3 |  4- 6 || total
-------------------------+-------+-------++-------
Melee: War axe           |    82 |   177 ||   259
  Use: Scroll            |     1 |     3 ||     4
       Potion            |     1 |     1 ||     2
Armor: Scale mail        |    40 |     7 ||    47
       Chain mail        |       |   124 ||   124
Dodge: Dodged            |    57 |    63 ||   120
Block: Buckler           |    17 |    35 ||    52

Table legend:
 A = Non-vault XP
 B = Vault XP
 C = Vault XP percentage of total XP
 D = Non-vault monster count
 E = Vault monster count
 F = Vault count percentage of total count
                 A         B        C        D         E       F
            +---------+---------+-------+---------+---------+-------
      Total |     274 |     328 |  54.5 |      52 |      29 |  35.8
            +---------+---------+-------+---------+---------+-------
        D:1 |      26 |       0 |   0.0 |      16 |       0 |   0.0
        D:2 |      32 |      37 |  53.6 |      18 |       1 |   5.3
        D:3 |     216 |     291 |  57.4 |      18 |      28 |  60.9
            +---------+---------+-------+---------+---------+-------
